 Dungeon Crawl Stone Soup version 0.18.1-8-gdd0e5ea (webtiles) character file.

10598 manyhoops the Bludgeoner (level 11, 0/127 HPs)
             Began as an Ogre Berserker on May 30, 2016.
             Was a High Priest of Trog.
             Slain by an adder (3 damage)
             ... on level 1 of the Lair of Beasts.
             The game lasted 00:26:58 (12633 turns).

manyhoops the Bludgeoner (Ogre Berserker)          Turns: 12633, Time: 00:26:59

Health: 0/127      AC:  4    Str: 27    XL:     11   Next: 64%
Magic:  11/11      EV: 10    Int:  6    God:    Trog [*****.]
Gold:   469        SH:  0    Dex:  9    Spells: 0 memorised, 10 levels left

rFire  . . .     SeeInvis .     L - +0 giant spiked club
rCold  . . .     Gourm    .     b - +0 animal skin
rNeg   . . .     Faith    .     (shield currently unavailable)
rPois  .         Spirit   .     (helmet restricted)
rElec  +         Dismiss  .     w - +1 cloak
rCorr  .         Reflect  .     (gloves unavailable)
SustAt .         Harm     +     (boots unavailable)
MR     +....                    l - amulet of harm
Stlth  +++.......               (no ring)
                                r - ring of stealth

@: lethally poisoned (0 -> -13), exhausted, slowed, very slow, somewhat
resistant to hostile enchantments, fairly stealthy
A: unfitting armour, deformed body, electricity resistance, tough skin 1,
evolution 1
a: Berserk, Trog's Hand, Brothers in Arms, Burn Spellbooks, Renounce Religion


You were on level 1 of the Lair of Beasts.
You worshipped Trog.
Trog was extremely pleased with you.
You were very hungry.

You visited 2 branches of the dungeon, and saw 11 of its levels.

You collected 577 gold pieces.
You spent 108 gold pieces at shops.

Inventory:

Hand Weapons
 q - a +1 mace of protection
 L - a +0 giant spiked club (weapon)
Missiles
 h - 6 tomahawks of dispersal
 B - 5 tomahawks
 R - 2 javelins (quivered)
Armour
 b - a +0 animal skin (worn)
 w - a +1 cloak (worn)
Jewellery
 l - an amulet of harm (around neck)
 m - an uncursed amulet of faith {unknown}
 r - a ring of stealth (left hand)
 H - an uncursed ring of fire
 N - an uncursed amulet of magic regeneration {unknown}
Wands
 o - a wand of enslavement (9/24)
 t - a wand of random effects (25/48)
 y - a wand of teleportation (8/9)
 z - a wand of flame (15/48)
 E - a wand of random effects (29/48)
 G - a wand of paralysis (11/24)
 M - a wand of paralysis (19/24)
 O - a wand of slowing (31/48)
 P - a wand of digging (9/24)
Scrolls
 g - 8 scrolls of teleportation
 i - 7 scrolls of enchant armour
 k - 3 scrolls of remove curse
 n - 2 scrolls of enchant weapon
 u - 3 scrolls of noise
 K - 2 scrolls of amnesia {unknown}
 Q - 3 scrolls of fear {unknown}
 S - a scroll of random uselessness {unknown}
Potions
 a - a potion of agility {unknown}
 d - 2 potions of flight
 e - a potion of haste
 j - a potion of invisibility
 s - 4 potions of cure mutation
 v - a potion of brilliance {unknown}
 F - 2 potions of resistance
 J - a potion of berserk rage
Comestibles
 c - 9 bread rations
 f - 2 beef jerkies
 A - 9 fruits
 D - 10 slices of pizza


   Skills:
 + Level 13.5 Fighting
 * Level 17.0 Maces & Flails
 + Level 4.2 Throwing
 - Level 2.6 Dodging
 - Level 2.6 Stealth


You had 10 spell levels left.
You didn't know any spells.

Dungeon Overview and Level Annotations

Branches:
Dungeon (10/15)            Temple (0/1) D:6            Lair (1/8) D:9
    Orc: D:9-12

Altars:
Ashenzari
Cheibriados
Dithmenos
Elyvilon
Fedhas
Makhleb
Nemelex Xobeh
Okawaru
Qazlal
Ru
Trog
Xom
Zin
The Shining One

Shops:
D:5 ?   D:6 *   D:7 =

Portals:
Trove: D:10 (give +2 shadow dragon armour)

Annotations:
D:10 Harold, Nergalle


Innate Abilities, Weirdness & Mutations

You are too large for most types of armour.
You have tough skin (AC +1).
Armour fits poorly on your strangely shaped body.
You are resistant to electric shocks.
You evolve.


Message History

The yak bellows!
The adder bites you. The komodo dragon bites you!
* * * LOW HITPOINT WARNING * * *
The adder bites you.
* * * LOW HITPOINT WARNING * * *
The adder bites you.
* * * LOW HITPOINT WARNING * * *
You turn to flesh and can move again.
A yak comes into view.
Unknown command.
Unknown command.
As you read the scroll labeled KANOOS LUISCH, it crumbles to dust.
You feel aware of your surroundings.
It was a scroll of magic mapping.
* * * LOW HITPOINT WARNING * * *
You feel sick. The adder bites you.
* * * LOW HITPOINT WARNING * * *
The komodo dragon bites you.
* * * LOW HITPOINT WARNING * * *
The adder closely misses you. The adder bites you.
You die...

**,,,** ##.(.# *,,,,,,,,
****,,.,* ##*#..## *,,,,,**,
,,,,,,.P###.##..# *,,,,,***
,,,,,,..........# *,,,,,*
,,,,,,..........# **#*,,,,,*
,,,***####...)..######.#*,,,,,*
,,,* #......>........,,,,,,*
,,,** ##...$.†........,,,,,,*
,,,,* #.#####@P#####*,,,,,,*
,,,,* *#.#...SlS.....#,,,,,,*
,,,** *..#....F......#,,,,,,*
,,,** **#*,#....Y......#,,,,,,***
,,,,***,**...#....#Y#.#.,,,,,,,,,
,,,,,,,,,............,..,,,,,,,,*
,,,,,,,,,PP...P...Y*##*#,**,**,,*
*,,,,,,,,...P..##.#Y,,,,,,,,,,,,*
*,,,,,,,,,,,,,***,*,,,,,,,,,,,,>*


You could see a komodo dragon, 4 yaks, a giant frog and 2 adders.

Vanquished Creatures
  A hydra (D:9)
  A hill giant (D:9)
  Maurice (D:8)
  An elephant (D:9)
  2 spiny frogs (Lair:1)
  A komodo dragon (Lair:1)
  A troll (D:10)
  A spriggan (D:8)
  A basilisk (Lair:1)
  10 yaks
  4 hippogriffs
  2 porcupines (Lair:1)
  A soldier ant (D:10)
  2 ice beasts
  4 orc warriors
  2 phantoms
  A black bear (D:9)
  2 ogres
  6 wolves
  5 centaurs
  4 crocodiles
  2 big kobolds
  3 giant frogs
  A water moccasin zombie (D:6)
  2 scorpions
  10 killer bees
  4 howler monkeys
  An electric eel (Lair:1)
  2 crimson imps
  A giant frog zombie (D:9)
  A quasit (D:5)
  A centaur zombie (D:8)
  8 hounds
  Crazy Yiuf (D:2)
  A centaur skeleton (D:7)
  9 orc priests
  3 orc wizards
  A giant frog skeleton (D:5)
  Ijyb (D:2)
  Natasha (thrice) (D:3)
  3 iguanas
  6 worker ants
  A killer bee zombie (D:8)
  3 hound skeletons
  A worker ant zombie (D:6)
  12 adders
  7 gnolls (D:5)
  A shadow imp (D:6)
  3 adder zombies
  2 worms
  An adder skeleton (D:8)
  5 giant geckos
  37 orcs
  2 ball pythons
  7 bats
  5 giant cockroaches
  8 goblins
  11 hobgoblins
  6 jackals
  7 kobolds
  9 quokkas
  5 giant newts
  A goblin skeleton (D:9)
  2 goblin zombies (D:9)
  4 hobgoblin zombies (D:9)
  A kobold skeleton (D:9)
  A kobold zombie (D:9)
  2 orc skeletons (D:9)
  A quokka skeleton (D:6)
  A quokka zombie (D:9)
  11 rats
274 creatures vanquished.

Vanquished Creatures (collateral kills)
  Joseph (D:8)
  Grum (D:8)
  2 wolves (D:8)
  3 howler monkeys (D:8)
  A shadow imp (D:8)
8 creatures vanquished.

Vanquished Creatures (others)
  4 fungi (Lair:1)
  13 plants (Lair:1)
17 creatures vanquished.

Grand Total: 299 creatures vanquished

Notes
Turn   | Place    | Note
--------------------------------------------------------------
     0 | D:1      | manyhoops the Ogre Berserker began the quest for the Orb.
     0 | D:1      | Reached XP level 1. HP: 24/24 MP: 1/1
   174 | D:1      | Reached XP level 2. HP: 28/32 MP: 2/2
   188 | D:1      | Found a snail-covered altar of Cheibriados.
   533 | D:2      | Reached XP level 3. HP: 27/40 MP: 3/3
   684 | D:2      | Reached skill level 5 in Maces & Flails
   747 | D:2      | Noticed Ijyb
   752 | D:2      | Killed Ijyb
   923 | D:2      | Reached XP level 4. HP: 49/49 MP: 4/4
   951 | D:2      | Reached ** piety under Trog
   998 | D:2      | Reached skill level 5 in Fighting
  1006 | D:2      | Found a sparkling altar of Nemelex Xobeh.
  1391 | D:2      | Noticed Crazy Yiuf
  1398 | D:2      | Killed Crazy Yiuf
  1398 | D:2      | Reached skill level 6 in Maces & Flails
  1452 | D:3      | Reached XP level 5. HP: 49/57 MP: 5/5
  1709 | D:3      | Noticed Natasha
  1715 | D:3      | Killed Natasha
  1715 | D:3      | Reached skill level 1 in Stealth
  1977 | D:3      | Noticed Natasha
  2005 | D:3      | Killed Natasha
  2073 | D:3      | Found a stormy altar of Qazlal.
  2145 | D:3      | Noticed Natasha
  2154 | D:3      | Reached *** piety under Trog
  2154 | D:3      | Reached skill level 7 in Maces & Flails
  2157 | D:3      | Killed Natasha
  2157 | D:3      | Reached XP level 6. HP: 26/66 MP: 6/6
  2395 | D:3      | Found a shattered altar of Ashenzari.
  2778 | D:4      | Reached skill level 8 in Maces & Flails
  2809 | D:4      | Noticed a phantom
  2905 | D:4      | Killed a phantom
  2905 | D:4      | Reached XP level 7. HP: 53/75 MP: 7/7
  3303 | D:5      | Entered Level 5 of the Dungeon
  3396 | D:5      | Found Yroz's Magic Scroll Boutique.
  3403 | D:5      | Reached skill level 9 in Maces & Flails
  3414 | D:5      | Bought a scroll of identify for 24 gold pieces
  3414 | D:5      | Bought a scroll of identify for 24 gold pieces
  3414 | D:5      | Bought a scroll of identify for 24 gold pieces
  3414 | D:5      | Bought a scroll of teleportation for 36 gold pieces
  3856 | D:5      | Found a white marble altar of Elyvilon.
  3859 | D:5      | Found a burning altar of Makhleb.
  3862 | D:5      | Found a bloodstained altar of Trog.
  3993 | D:5      | Reached skill level 10 in Maces & Flails
  3993 | D:5      | Reached XP level 8. HP: 62/84 MP: 8/8
  4238 | D:5      | Found an iron altar of Okawaru.
  4251 | D:5      | Reached **** piety under Trog
  4414 | D:6      | Reached skill level 1 in Throwing
  4565 | D:6      | Reached skill level 11 in Maces & Flails
  4684 | D:6      | Found a glowing silver altar of Zin.
  4737 | D:6      | Found a staircase to the Ecumenical Temple.
  4836 | D:6      | Found Yqedawos's Assorted Antiques.
  5402 | D:7      | Found Zier's Jewellery Boutique.
  5734 | D:7      | Found a sacrificial altar of Ru.
  5869 | D:7      | Reached skill level 12 in Maces & Flails
  5932 | D:7      | Reached XP level 9. HP: 68/96 MP: 9/9
  6476 | D:8      | Found a shadowy altar of Dithmenos.
  6476 | D:8      | Found a blossoming altar of Fedhas.
  6477 | D:8      | Found an iron altar of Okawaru.
  6620 | D:8      | Reached skill level 13 in Maces & Flails
  6625 | D:8      | Noticed Maurice
  6784 | D:8      | Killed Maurice
  6914 | D:8      | Noticed Joseph
  6917 | D:8      | Noticed Grum
  6964 | D:8      | Killed Grum
  6964 | D:8      | Reached skill level 14 in Maces & Flails
  6968 | D:8      | Killed Joseph
  6992 | D:8      | Reached XP level 10. HP: 62/109 MP: 10/10
  7637 | D:8      | Gained mutation: You evolve. [potion of mutation]
  7637 | D:8      | Gained mutation: Armour fits poorly on your strangely shaped body. [potion of mutation]
  7797 | D:9      | Reached skill level 10 in Fighting
  7909 | D:9      | Found a staircase to the Lair.
  7910 | D:9      | Noticed an elephant
  7918 | D:9      | Reached ***** piety under Trog
  7996 | D:9      | Killed an elephant
  7996 | D:9      | Reached skill level 15 in Maces & Flails
  8160 | D:9      | Found a shimmering altar of Xom.
  8235 | D:9      | Found a glowing golden altar of the Shining One.
  8554 | D:10     | Entered Level 10 of the Dungeon
  8606 | D:10     | Noticed a hill giant
  8616 | D:9      | Killed a hill giant
  9102 | D:9      | Reached skill level 16 in Maces & Flails
  9681 | D:10     | Noticed Harold
  9792 | D:10     | Reached XP level 11. HP: 115/123 MP: 11/11
  9830 | D:10     | Found a portal to a secret trove of treasure.
  9879 | D:10     | Noticed Nergalle
 10372 | D:10     | Noticed a four-headed hydra
 10447 | Lair:1   | Entered Level 1 of the Lair of Beasts
 10513 | Lair:1   | HP: 4/184 [crocodile (6)]
 10530 | D:9      | HP: 1/123 [wolf (7)]
 10899 | D:9      | Killed a four-headed hydra
 11125 | D:9      | Gained mutation: You are resistant to electric shocks. [evolution]
 11999 | Lair:1   | Received a gift from Trog
 12514 | Lair:1   | Noticed a wolf spider
 12622 | Lair:1   | Reached skill level 17 in Maces & Flails
 12632 | Lair:1   | HP: 6/127 [adder (2)]
 12633 | Lair:1   | Slain by an adder

Skill      XL: |  1  2  3  4  5  6  7  8  9 10 11 |
---------------+----------------------------------+-----
Maces & Flails | 5 6 7 8 10 12 14 16 17 | 17.0
Fighting       | 5 6 8 9 11 13 | 13.5
Stealth        | 1 2 |  2.6
Throwing       | 1 2 3 4 |  4.2
Dodging        | |  2.6

Action                   |  1- 3 |  4- 6 |  7- 9 | 10-12 || total
-------------------------+-------+-------+-------+-------++-------
Melee: Mace              |    71 |   162 |   383 |   345 ||   961
       Giant spiked club |       |       |       |    45 ||    45
Throw: Tomahawk          |       |       |     9 |       ||     9
       Javelin           |       |       |     7 |     2 ||     9
Invok: Berserk           |       |     1 |     5 |    15 ||    21
       Brothers in Arms  |       |       |     1 |       ||     1
       Burn Spellbooks   |       |       |       |     1 ||     1
  Use: Scroll            |     1 |     4 |    11 |     8 ||    24
       Potion            |       |       |       |     7 ||     7
 Stab: Sleeping          |       |    10 |     7 |     7 ||    24
       Invisible         |       |       |     1 |       ||     1
       Paralysed         |       |       |     1 |       ||     1
       Distracted        |       |       |       |     1 ||     1
  Eat: Chunk             |       |     2 |     7 |    23 ||    32
       Meat ration       |       |     1 |     1 |     1 ||     3
       Bread ration      |       |       |     2 |       ||     2
       Beef jerky        |       |       |       |     1 ||     1
       Fruit             |       |       |       |     1 ||     1
Armor: Animal skin       |    32 |    68 |   215 |   163 ||   478
Dodge: Dodged            |    34 |    89 |   237 |   199 ||   559
